 Dungeon Crawl Stone Soup version 0.31-a0-618-g7ca08c1ff9 (webtiles) character file.

Game seed: 16193545300765948810

112 spiderkeys the Sneak (level 5, -4/28 HPs)
             Began as a Kobold Enchanter on Aug 22, 2023.
             Succumbed to Crazy Yiuf's poison
             ... on level 3 of the Dungeon.
             The game lasted 00:02:31 (2753 turns).

spiderkeys the Sneak (Kobold Enchanter)             Turns: 2753, Time: 00:02:32

Health: -4/28      AC:  5    Str:  5    XL:     5   Next: 16%
Magic:  9/9        EV: 17    Int: 16    God:
Gold:   169        SH:  0    Dex: 24    Spells: 9/9 levels left

rFire   . . .        k - +0 short sword (venom)
rCold   . . .        (no shield)
rNeg    . . .        b - +0 robe
rPois   .            (no helmet)
rElec   .            (no cloak)
rCorr   .            (no gloves)
SInv    .            q - +2 pair of boots
Will    .....        (no amulet)
Stlth   ++++         D - +6 ring of dexterity
HPRegen 0.24/turn    (no ring)
MPRegen 0.11/turn

%: no passive effects
@: mighty, lethally poisoned (-4 -> -37)
A: small, no large weapons, nightstalker 3
a: no special abilities


You were on level 3 of the Dungeon.
You visited 1 branch of the dungeon, and saw 3 of its levels.

You collected 169 gold pieces.


Innate Abilities, Weirdness & Mutations

You are small and have problems with some larger weapons.
You are completely attuned to the shadows.


   Skills:
 + Level 2.9 Short Blades
 + Level 3.4 Dodging
 + Level 4.9 Stealth
 + Level 2.9 Spellcasting
 + Level 3.6 Hexes


You had 9 spell levels left.
You didn't know any spells.
Your spell library contained the following spells:

 Spells                   Type           Power      Damage    Failure   Level
 Confusing Touch          Hex            13%        N/A       13%         3
 Tukima's Dance           Hex            13%        N/A       13%         3
 Ensorcelled Hibernation  Hex/Ice        16%        N/A       14%         2
 Dazzling Flash           Conj/Hex       16%        N/A       26%         3
 Sublimation of Blood     Necr           2%         N/A       28%         2
 Petrify                  Tmut/Erth      2%         N/A       88%         4
 Irradiate                Conj/Tmut      1%         3d12      99%         5

Inventory:

Hand Weapons
 a - a +1 dagger
 k - a +0 short sword of venom (weapon)
   (You took it off a kobold on level 1 of the Dungeon)
Missiles
 d - 39 stones
 s - 2 poisoned darts
Armour
 b - a +0 robe (worn)
 q - a +2 pair of boots (worn)
   (You found it on level 2 of the Dungeon)
Magical Staves
 m - a staff of conjuration {!a}
   (You found it on level 2 of the Dungeon)
Jewellery
 D - a +6 ring of dexterity (left hand)
   (You found it on level 2 of the Dungeon)
 T - an amulet of faith {!P}
   (You found it on level 3 of the Dungeon)
Scrolls
 e - a scroll of teleportation {@r4}
 g - a scroll of noise {!r}
 i - a scroll of fear
 j - 2 scrolls of poison {!r}
 l - a scroll of enchant weapon
 p - 2 scrolls of amnesia
 t - a scroll of enchant armour {unknown}
 v - a scroll of vulnerability {unknown}
Potions
 c - 3 potions of invisibility
 f - a potion of enlightenment
 h - a potion of brilliance
 o - a potion of magic
 r - a potion of lignification {unknown}
 u - a potion of degeneration {unknown}

Dungeon Overview and Level Annotations

Branches:
Dungeon (3/15) Zot: 15261

Altars:
Elyvilon
Okawaru
Uskayaw
Zin
The Shining One

Annotations:
D:3 Crazy Yiuf

#
####...####.>....)....#
# #......#
##..........# #
#......# #..........# #
#.....## #######....# #
#.....# #....# ###..†#
##### #....# #####
#)..# #....# #.g.#
##.### #.@.# #.# ##'##
#.# #.## #.# ##.# #.#
#.## #.# ##.# #.# ##.##
#.# ##PP.# #.# #PPP.#
#.#


You could see Crazy Yiuf (extremely poisoned).


Message History

The endoplasm freezes you.
You are frozen. 😮 HP[-4]
You take 4 damage, and now have 19/28 hp.
You are too injured to fight recklessly!
You are too injured to fight recklessly!
You are too injured to fight recklessly!
Unknown command.
You are too injured to fight recklessly!
You are too injured to fight recklessly!
You are too injured to fight recklessly!
You hit the endoplasm.
You kill the endoplasm!
The quokka barely misses you. The quokka misses you.
You hit the quokka.
The quokka is poisoned.
The quokka completely misses you.
You hit the quokka. 😮 HP[+1]
You hit the quokka. The quokka closely misses you.
You hit the quokka.
You kill the quokka!
Key pressed, stopping explore.
You now have 169 gold pieces (gained 9).
t - a scroll labelled CASYATS AZIF 😎 HP[+8]
Your hp is fully restored (28).
Found an iron altar of Okawaru.
Found a hide-covered altar of Uskayaw.
No target in view!
Key pressed, stopping explore.
You see here a frilled lizard corpse.
Key pressed, stopping explore.
A ball python comes into view.
A goblin comes into view. It is wielding a +0 dagger.
The helpless ball python fails to defend itself.
You impale the ball python!!
You kill the ball python!
The goblin shouts!
You hear an angry hiss.
The goblin completely misses you.
An adder comes into view.
You hit the goblin.
You kill the goblin!
Found an escape hatch in the floor.
Things that are here:
a +0 dagger; a goblin corpse You hit the adder.
The adder is poisoned.
The adder closely misses you.
You hit the adder.
The adder looks as sick as possible!
You kill the adder!
No target in view!
No target in view!
No target in view!
u - a bubbling silvery potion
Found a stone staircase leading up.
There is a stone staircase leading up here.
There is a stone staircase leading up here.
Key pressed, stopping explore.
v - a scroll labelled XEMMY WIVAMN You see here a +0 whip.
Key pressed, stopping explore.
A rat comes into view.
A rat is nearby!
A rat is nearby!
A rat is nearby!
A rat is nearby!
The rat barely misses you.
You hit the rat.
You kill the rat!
No target in view!
No target in view!
No target in view!
You see here a +0 whip.
Key pressed, stopping explore.
Key pressed, stopping explore.
You see here a +0 club.
Could not explore, unopened runed door.
Could not explore, unopened runed door.
You open the door.
There is an open translucent door here.
Crazy Yiuf misses you.
You barely miss Crazy Yiuf.
Crazy Yiuf cries, "Goldfish!"
Crazy Yiuf barely misses you.
You hit Crazy Yiuf.
Crazy Yiuf is poisoned.
Crazy Yiuf barely misses you.
You barely miss Crazy Yiuf.
Crazy Yiuf hits you with a +2 quarterstaff of chaos!
You are poisoned. 😮 HP[-8]
You take 8 damage, and now have 20/28 hp.
MASSIVE DAMAGE!! (PAUSE)
You hit Crazy Yiuf.
Crazy Yiuf looks as sick as possible!
You punch Crazy Yiuf, but do no damage.
You feel very sick.
Crazy Yiuf hits you with a +2 quarterstaff of chaos!
* * * LOW HITPOINT WARNING * * *
You are more poisoned. 😱 HP[-17]
You take 17 damage, and now have 3/28 hp.
MASSIVE DAMAGE!! (PAUSE) It was a potion of might.
You feel very mighty all of a sudden.
You die...

Skill      XL: |  1  2  3 |
---------------+----------+-----
Short Blades   | 2 |  2.9
Dodging        | 3 |  3.4
Stealth        | |  4.9
Spellcasting   | |  2.9
Hexes          | |  3.6

Action                     |  1- 3 |  4- 6 || total
---------------------------+-------+-------++-------
  Melee: Dagger            |    39 |       ||    39
         Punch             |     1 |     3 ||     4
         Short sword       |     9 |    61 ||    70
    Use: Scroll            |     4 |     5 ||     9
         Potion            |       |     1 ||     1
   Stab: Sleeping          |    21 |    10 ||    31
         Distracted        |     1 |       ||     1
 Armour: Robe              |     2 |     5 ||     7
  Dodge: Dodged            |    11 |    45 ||    56

Levels and vault maps discovered:
D:1:      matt_arrival_refuge, layout_loops_ring, minmay_cut_off
D:2:      layout_basic
D:3:      layout_basic, dreamdust_divine_triumvirate, minitemple,
          uniq_crazy_yiuf_cottage

Notes
Turn   | Place    | Note
-------+----------+-------------------------------------------
     0 | D:1      | spiderkeys the Kobold Enchanter began the quest for the
                  | Orb.
     0 | D:1      | Reached XP level 1. HP: 10/10 MP: 3/3
     0 | D:1      | magus.rc [v1.11.6]
   143 | D:1      | Reached XP level 2. HP: 10/15 MP: 5/5
   396 | D:1      | Reached skill level 2 in Short Blades
   471 | D:1      | Reached XP level 3. HP: 19/19 MP: 6/6
   606 | D:1      | You add the spells Sublimation of Blood, Petrify and
                  | Irradiate to your library.
  1354 | D:2      | Reached skill level 3 in Dodging
  1356 | D:2      | Reached XP level 4. HP: 24/24 MP: 7/7
  1856 | D:3      | HP: 4/24 [orc/+2 flail of protection (7)]
  2055 | D:3      | Found a white marble altar of Elyvilon.
  2055 | D:3      | Found a glowing silver altar of Zin.
  2077 | D:3      | Found a glowing golden altar of the Shining One.
  2202 | D:3      | Found a runed translucent door.
  2205 | D:3      | Noticed Crazy Yiuf
  2333 | D:3      | Reached XP level 5. HP: 28/28 MP: 9/9
  2430 | D:3      | Found an iron altar of Okawaru.
  2437 | D:3      | Found a hide-covered altar of Uskayaw.
  2752 | D:3      | HP: 3/28 [Crazy Yiuf/+2 quarterstaff of chaos (13)]
  2753 | D:3      | Succumbed to Crazy Yiuf's poison

Vanquished Creatures
  4 gnolls (D:2)
  An adder (D:3)
  A worm (D:3)
  2 dart slugs (D:1)
  3 orcs (D:3)
  5 bats
  4 endoplasms
  2 giant cockroaches (D:1)
  8 goblins
  6 hobgoblins
  4 jackals (D:3)
  A quokka (D:3)
  4 ball pythons
  3 frilled lizards
  2 kobolds (D:1)
  3 rats
53 creatures vanquished.

Table legend:
 A = Non-vault XP
 B = Vault XP
 C = Vault XP percentage of total XP
 D = Non-vault monster count
 E = Vault monster count
 F = Vault count percentage of total count
                 A         B        C        D         E       F
            +---------+---------+-------+---------+---------+-------
      Total |     155 |       6 |   3.7 |      50 |       3 |   5.7
            +---------+---------+-------+---------+---------+-------
        D:1 |      35 |       6 |  14.6 |      20 |       3 |  13.0
        D:2 |      63 |       0 |   0.0 |       7 |       0 |   0.0
        D:3 |      57 |       0 |   0.0 |      23 |       0 |   0.0
            +---------+---------+-------+---------+---------+-------

Skill      XL: |  1  2  3 |
---------------+----------+-----
Short Blades   | 2 |  2.9
Dodging        | 3 |  3.4
Stealth        | |  4.9
Spellcasting   | |  2.9
Hexes          | |  3.6

Action                     |  1- 3 |  4- 6 || total
---------------------------+-------+-------++-------
  Melee: Dagger            |    39 |       ||    39
         Punch             |     1 |     3 ||     4
         Short sword       |     9 |    61 ||    70
    Use: Scroll            |     4 |     5 ||     9
         Potion            |       |     1 ||     1
   Stab: Sleeping          |    21 |    10 ||    31
         Distracted        |     1 |       ||     1
 Armour: Robe              |     2 |     5 ||     7
  Dodge: Dodged            |    11 |    45 ||    56

Illustrated notes

Table legend:
 A = Kills in this place as a percentage of kills in the entire game.
 B = Kills by you in this place as a percentage of kills by you in the entire game.
 C = Kills by friends in this place as a percentage of kills by friends in the entire game.
 D = Other kills in this place as a percentage of other kills in the entire game.
 E = Experience gained in this place as a percentage of experience gained in the entire game.
 F = Experience gained in this place divided by the number of levels of this place that you have seen.
                   A       B       C       D       E      F
               +-------+-------+-------+-------+-------+----------------------
         Total | 100.0 | 100.0 |   N/A |   N/A | 100.0 |  53.7
       Dungeon | 100.0 | 100.0 |   N/A |   N/A | 100.0 |  53.7
               +-------+-------+-------+-------+-------+----------------------

Table legend: (Time is in decaauts)
 A = Elapsed time spent in this place.
 B = Non-inter-level travel time spent in this place.
 C = Inter-level travel time spent in this place.
 D = Time resting spent in this place.
 E = Time spent auto-exploring this place.
 F = Levels seen in this place.
 G = Mean time per level.
                   A        B        C        D        E       F      G
               +--------+--------+--------+--------+--------+-----+--------+
         Total |   2738 |   2693 |     45 |    100 |   2293 |   3 |  912.7 |
       Dungeon |   2738 |   2693 |     45 |    100 |   2293 |   3 |  912.7 |
               +--------+--------+--------+--------+--------+-----+--------+

Top non-repeatable levels by time:
     D:3: 1114 daAuts
     D:1: 989 daAuts
     D:2: 633 daAuts
